 Dungeon Crawl Stone Soup version 0.30-a0-371-gad7725a93e (webtiles) character file.

Game seed: 1990386438259681608

30 Maxmaps the Trooper (level 3, -3/25 (30) HPs)
             Began as a Formicid Monk on Nov 20, 2022.
             Slain by a gnoll
             ... wielding a +0 club
              (7 damage)
             ... on level 2 of the Dungeon.
             The game lasted 00:00:42 (557 turns).

Maxmaps the Trooper (Formicid Monk)                  Turns: 557, Time: 00:00:43

HP:   -3/25 (30)    AC:  6    Str: 15    XL:     3   Next: 37%
MP:   3/3           EV: 10    Int: 11    God:
Gold: 63            SH:  0    Dex: 16    Spells: 2/2 levels left

rFire   . . .      SeeInvis +    a - +0 falchion
rCold   . . .      Faith    .    (no shield)
rNeg    . . .      Spirit   .    e - +0 scale mail
rPois   .          Reflect  .    (helmet unavailable)
rElec   .          Harm     .    (no cloak)
rCorr   .          Rampage  .    (no gloves)
Will    .....                    (no boots)
Stlth   +.........               (no amulet)
HPRegen 0.24/turn                (no ring)
MPRegen 0.08/turn                (no ring)

@: heavily drained
A: permanent stasis, dig shafts and tunnels, antennae 3, four strong arms
a: Dig, Shaft Self


You were on level 2 of the Dungeon.
You visited 1 branch of the dungeon, and saw 2 of its levels.

You collected 63 gold pieces.

Inventory:

Hand Weapons
 a - a +0 falchion (weapon)
Armour
 b - a +0 robe
 e - a +0 scale mail (worn)
Scrolls
 d - a scroll of magic mapping {unknown}
 g - 3 scrolls of identify {unknown}
 h - a scroll of noise {unknown}
Potions
 f - a potion of might {unknown}


   Skills:
 - Level 4.1 Fighting
 - Level 3.0 Long Blades
 + Level 1.9 Armour
 - Level 2.6 Dodging
 - Level 2.4 Stealth


You had 2 spell levels left.
You didn't know any spells.
Your spell library was empty.

Dungeon Overview and Level Annotations

Branches:
Dungeon (2/15)

Altars:


Innate Abilities, Weirdness & Mutations

You cannot be hasted, slowed, berserked, paralysed or teleported.
You can dig through walls and to a lower floor.
You have a pair of large antennae on your head. (SInv)
Your four strong arms can wield two-handed weapons with a shield.


Message History

Unknown command.
You extend your mandibles.
You dig through the rock wall.
You feel drained. The gnoll attacks as you move away!
The gnoll hits you with a +0 flail.
You dig through the rock wall.
You feel drained.
You dig through the rock wall.
You feel drained. The gnoll attacks as you move away!
The gnoll closely misses you.
You dig through the rock wall.
You feel drained.
You retract your mandibles.
You closely miss the gnoll.
The gnoll is moderately wounded.
The gnoll hits you but does no damage.
You hit the gnoll but do no damage.
The gnoll is moderately wounded.
The gnoll hits you but does no damage. x2
You hit the gnoll.
The gnoll is heavily wounded.
The gnoll hits you with a +0 flail!
* * * LOW HITPOINT WARNING * * *
You barely miss the gnoll.
The gnoll is heavily wounded.
The gnoll hits you with a +0 flail.
* * * LOW HITPOINT WARNING * * *
You are confused.
You feel invigorated. The gnoll closely misses you.
You bump into the rock wall.
The gnoll barely misses you.
You barely miss the gnoll.
The gnoll is heavily wounded.
You feel less invigorated.
You feel less confused. The gnoll hits you with a +0 flail!
You hit the gnoll but do no damage.
The gnoll is heavily wounded.
The gnoll hits you with a +0 flail.
* * * LOW HITPOINT WARNING * * *
You slash the gnoll!
You kill the gnoll!
You hit the gnoll.
The gnoll is moderately wounded.
The gnoll hits you but does no damage. The gnoll hits you with a +0 club!
You die... #.# ggl

#.# #.# #g## #{{##
#.#.## { ##.##g#
#..#@## #.#### ##.#
##..# #####..##
##.....##
######..######
...............
.####.###############


You could see a gnoll.

Vanquished Creatures
  A gnoll (D:2)
  A dart slug (D:1)
  2 ball pythons (D:1)
  A giant cockroach (D:1)
  A goblin (D:1)
  A hobgoblin (D:1)
  2 kobolds (D:1)
  3 quokkas (D:1)
  3 bats (D:1)
  3 rats (D:1)
18 creatures vanquished.

Notes
Turn   | Place    | Note
-------+----------+-------------------------------------------
     0 | D:1      | Maxmaps the Formicid Monk began the quest for the Orb.
     0 | D:1      | Reached XP level 1. HP: 18/18 MP: 1/1
   138 | D:1      | Reached XP level 2. HP: 24/25 MP: 2/2
   158 | D:1      | Reached skill level 4 in Fighting
   273 | D:1      | Reached skill level 1 in Armour
   409 | D:1      | Reached XP level 3. HP: 30/30 MP: 3/3
   557 | D:2      | Slain by a gnoll

Illustrated notes

Levels and vault maps discovered:
D:1:      mainiacjoe_arrival_reflecting_pool, layout_rooms,
          corexii_hall_statues_i, hex_tiny
D:2:      layout_basic

Skill      XL: |  1  2 |
---------------+-------+-----
Fighting       | 4 |  4.1
Armour         | 1 |  1.9
Long Blades    | |  3.0
Dodging        | |  2.6
Stealth        | |  2.4

Action                   || total
-------------------------++-------
Melee: Falchion          ||    73
 Abil: Dig               ||     1
  Use: Potion            ||     1
 Stab: Sleeping          ||     1
Armor: Scale mail        ||    22
       Robe              ||     5
Dodge: Dodged            ||    37

Table legend: (Time is in decaauts)
 A = Elapsed time spent in this place.
 B = Non-inter-level travel time spent in this place.
 C = Inter-level travel time spent in this place.
 D = Time resting spent in this place.
 E = Time spent auto-exploring this place.
 F = Levels seen in this place.
 G = Mean time per level.
                   A        B        C        D        E       F      G
               +--------+--------+--------+--------+--------+-----+--------+
         Total |    567 |    545 |     22 |      0 |    364 |   2 |  283.5 |
       Dungeon |    567 |    545 |     22 |      0 |    364 |   2 |  283.5 |
               +--------+--------+--------+--------+--------+-----+--------+

Top non-repeatable levels by time:
     D:1: 507 daAuts
     D:2: 59 daAuts
